 Dungeon Crawl Stone Soup version 0.22.1-5-g62c59d919a (webtiles) character file.

157 NochnoyZador the Skirmisher (level 5, -1/40 HPs)
             Began as an Octopode Monk on Jan 12, 2019.
             Slain by a sky beast (6 damage)
             ... on level 3 of the Dungeon.
             The game lasted 00:08:25 (2966 turns).

NochnoyZador the Skirmisher (Octopode Monk)         Turns: 2966, Time: 00:08:26

Health: -1/40      AC:  1    Str: 12    XL:     5   Next: 38%
Magic:  5/5        EV: 14    Int: 12    God:
Gold:   127        SH:  0    Dex: 14    Spells: 4/4 levels left

rFire    . . .     SeeInvis .     - Unarmed
rCold    . . .     Gourm    .   (no shield)
rNeg     + . .     Faith    .   (helmet restricted)
rPois    .         Spirit   .   j - amulet of harm
rElec    .         Reflect  .   i - ring of protection from magic
rCorr    .         Harm     +   s - ring of positive energy
MR       +....                  (no ring)
Stlth    +++.......             (no ring)
HPRegen  0.13/turn              (no ring)
MPRegen  0.09/turn              (no ring)
                                (no ring)
                                (no ring)

@: no status effects
A: almost no armour, stealthy swim, amphibious, 8 rings, constrict 8, camouflage
1, gelatinous body 1
a: no special abilities


You were on level 3 of the Dungeon.
You were not hungry.

You visited 1 branch of the dungeon, and saw 3 of its levels.

You collected 127 gold pieces.

Inventory:

Missiles
 e - 70 sling bullets
 m - 70 stones (quivered)
Jewellery
 i - a ring of protection from magic (left tentacle)
 j - an amulet of harm (around mantle)
 s - a ring of positive energy (right tentacle)
Scrolls
 d - 2 scrolls of immolation {unknown}
 f - 9 scrolls of identify {unknown}
 g - 4 scrolls of remove curse {unknown}
 h - 2 scrolls of blinking {unknown}
 k - a scroll of enchant weapon {unknown}
 l - 2 scrolls of amnesia {unknown}
 p - 2 scrolls of teleportation {unknown}
 r - a scroll of fog {unknown}
 t - a scroll of fear {unknown}
Potions
 b - a potion of magic {unknown}
 c - a potion of lignification {unknown}
 n - a potion of haste {unknown}
 o - a potion of curing {unknown}
 q - a potion of might {unknown}
Comestibles
 a - 6 rations
 u - 5 chunks of flesh


   Skills:
 * Level 5.6 Fighting
 * Level 3.0 Dodging
 * Level 3.2 Stealth
 * Level 3.1 Unarmed Combat


You had 4 spell levels left.
You didn't know any spells.
Your spell library was empty.

Dungeon Overview and Level Annotations

Branches:
Dungeon (3/15)

Altars:
Cheibriados
Gozag
Kikubaaqudgha

Annotations:
D:3 3 runed doors, Adamkad1's ghost, amateur DrTm


Innate Abilities, Weirdness & Mutations

You cannot wear most types of armour.
You are very stealthy in the water. (Stealth+)
You are amphibious.
You can wear up to eight rings at the same time.
You can use your tentacles to constrict eight enemies at once.
Your skin changes colour to match your surroundings (Stealth+).
Your rubbery body absorbs attacks. (AC +1, EV +1)


Message History

You squeeze the sky beast, but do no damage.
The sky beast hits you. The sky beast shocks you.
You are too injured to fight recklessly!
You are too injured to fight recklessly!
You are too injured to fight recklessly!
You are too injured to fight recklessly!
You closely miss the sky beast. The sky beast closely misses you.
You barely miss the sky beast. The sky beast barely misses you.
You miss the sky beast. Your squeeze misses the sky beast.
The sky beast hits you but does no damage.
You tentacle-slap the sky beast.
The sky beast is lightly wounded.
The sky beast hits you. The sky beast shocks you.
* * * LOW HITPOINT WARNING * * *
You closely miss the sky beast.
The sky beast is lightly wounded.
The sky beast hits you.
* * * LOW HITPOINT WARNING * * *
The sky beast shocks you.
You die...

........#
#...#
#....≈
#########
######.#
#.....
#....#.###
#.....
#........#
#.....
#.#.#.####
#.....
#.......#
#..... #
###.#####
######
#.###.#
#.Y@..#
#######


You could see a sky beast.

Vanquished Creatures
  A worker ant (D:2)
  7 adders
  An ooze (D:2)
  A worm (D:2)
  A dart slug (D:1)
  A leopard gecko (D:1)
  An orc (D:3)
  3 giant cockroaches
  10 goblins
  7 hobgoblins
  7 jackals
  2 quokkas (D:2)
  2 bats
  5 frilled lizards
  5 kobolds
  7 rats
61 creatures vanquished.

Notes
Turn   | Place    | Note
-------+----------+-------------------------------------------
     0 | D:1      | NochnoyZador the Octopode Monk began the quest for the Orb.
     0 | D:1      | Reached XP level 1. HP: 16/16 MP: 1/1
   225 | D:1      | Reached XP level 2. HP: 17/21 MP: 2/2
   784 | D:2      | Reached skill level 4 in Fighting
   784 | D:2      | Reached XP level 3. HP: 17/27 MP: 3/3
  1036 | D:2      | Found an opulent altar of Gozag.
  1269 | D:2      | Reached XP level 4. HP: 34/34 MP: 4/4
  1320 | D:2      | Reached skill level 5 in Fighting
  1764 | D:2      | Reached XP level 5. HP: 38/39 MP: 5/5
  1820 | D:2      | Found a snail-covered altar of Cheibriados.
  2457 | D:3      | Found a runed gate.
  2457 | D:3      | Found a runed gate.
  2457 | D:3      | Found a runed gate.
  2458 | D:3      | Noticed Adamkad1's ghost (amateur DrTm)
  2827 | D:3      | Found an ancient bone altar of Kikubaaqudgha.
  2958 | D:3      | Noticed a sky beast
  2966 | D:3      | Slain by a sky beast

Skill      XL: |  1  2  3  4  5 |
---------------+----------------+-----
Fighting       | 4 5 |  5.6
Stealth        | 3 |  3.2
Dodging        | |  3.0
Unarmed Combat | |  3.1

Action                   |  1- 3 |  4- 6 || total
-------------------------+-------+-------++-------
Melee: Unarmed           |    58 |    78 ||   136
       Constrict         |    16 |    20 ||    36
       Tentacles         |    12 |    16 ||    28
       Punch             |     2 |     1 ||     3
 Stab: Sleeping          |    10 |     7 ||    17
  Eat: Chunk             |     1 |     5 ||     6
Armor: Skin              |     3 |     8 ||    11
Dodge: Dodged            |    23 |    53 ||    76
